 Dungeon Crawl Stone Soup version 0.18.1-47-g9310371 (webtiles) character file.

2391 Lul the Ducker (level 9, 0/69 HPs)
             Began as a Demonspawn Gladiator on June 17, 2016.
             Was a Follower of Ashenzari.
             Slain by a giant frog (3 damage)
             ... on level 7 of the Dungeon.
             The game lasted 00:24:21 (6967 turns).

Lul the Ducker (Demonspawn Gladiator)               Turns: 6967, Time: 00:24:22

Health: 0/69       AC:  7    Str: 18      XL:     9   Next: 22%
Magic:  0/9        EV: 12    Int: 10 (11) God:    Ashenzari [*.....]
Gold:   483        SH:  0    Dex: 13      Spells: 0 memorised, 8 levels left

rFire  . . .     SeeInvis .     a - +1 long sword
rCold  + . .     Gourm    .     b - +0 ring mail {rPois} (curse)
rNeg   . . .     Faith    .     (no shield)
rPois  +         Spirit   +     (helmet restricted)
rElec  .         Dismiss  .     (no cloak)
rCorr  .         Reflect  .     x - +0 pair of gloves (curse)
SustAt .         Harm     .     (no boots)
MR     +....                    k - amulet of regeneration
Stlth  +.........               (no ring)
                                A - ring of protection from magic (curse)

@: starving, heavily drained, somewhat resistant to hostile enchantments, very
unstealthy
A: antennae 1, molten scales 1, cold resistance 1, deterioration 1, magic
shield, magic regeneration, freezing cloud immunity
a: Curse Item, Scrying, Renounce Religion


You were on level 7 of the Dungeon.
You worshipped Ashenzari.
Ashenzari was aware of your devotion.
You were starving.

You visited 1 branch of the dungeon, and saw 7 of its levels.

You collected 483 gold pieces.

Inventory:

Hand Weapons
 a - a +1 long sword (weapon)
Missiles
 n - 26 poisoned needles
 u - 4 tomahawks (quivered)
Armour
 b - a cursed +0 ring mail of poison resistance (worn)
 m - a +1 chain mail
 x - a cursed +0 pair of gloves (worn)
 y - a +1 leather armour of fire resistance
Rods
 j - a +2 iron rod (10/10)
   (You found it on level 4 of the Dungeon)
Jewellery
 k - an amulet of regeneration (around neck)
 A - a cursed ring of protection from magic (left hand)
Wands
 e - a wand of flame (19/48)
 G - a wand of slowing (35/48)
 L - a wand of slowing (9/48)
Scrolls
 c - 2 scrolls of recharging
 d - a scroll of magic mapping {unknown}
 i - a scroll of silence {unknown}
 l - 3 scrolls of teleportation
 B - 2 scrolls of noise {unknown}
 D - a scroll of blinking
 E - a scroll of fear
 F - a scroll of random uselessness {unknown}
 H - 3 scrolls of amnesia {unknown}
Potions
 h - a potion of magic
 o - a potion of curing
 p - a potion of brilliance
 r - a potion of agility
 t - 3 potions of flight
 z - a potion of haste
Books
 J - a book of the Dragon

   Spells                             Type                      Level
   a - Flame Tongue                   Conjuration/Fire             1
   b - Cause Fear                     Hexes                        4
   c - Bolt of Fire                   Conjuration/Fire             6
   d - Dragon Form                    Transmutation                7
   e - Dragon's Call                  Summoning                    9
Comestibles
 f - 4 bread rations
 g - 3 beef jerkies
 q - 6 meat rations
 s - 5 fruits


   Skills:
 + Level 6.0(3.6) Fighting
 + Level 5.9(3.5) Long Blades
 + Level 2.6(0.4) Throwing
 + Level 5.3(2.8) Armour
 + Level 6.4(3.9) Dodging
 + Level 1.6(0.0) Stealth
 + Level 0.8(0.0) Evocations


You had 8 spell levels left.
You didn't know any spells.

Dungeon Overview and Level Annotations

Branches:
Dungeon (7/15)             Temple (0/1) D:5

Altars:
Ashenzari
Cheibriados
Dithmenos
Elyvilon
Fedhas
Nemelex Xobeh
Okawaru
Pakellas
Sif Muna
Trog
Vehumet


Innate Abilities, Weirdness & Mutations

You have a pair of small antennae on your head.
You are partially covered in molten scales (AC +1).
Your flesh is cold resistant.
When hurt, damage is shared between your health and your magic reserves.
You regenerate magic rapidly.
You are immune to freezing clouds.
Your body sometimes deteriorates upon taking damage.


Message History

The giant frog hits you.
* * * LOW HITPOINT WARNING * * *
The giant frog hits you but does no damage.
The giant frog hits you but does no damage.
The giant frog misses you. The giant frog closely misses you.
The giant frog hits you.
* * * LOW HITPOINT WARNING * * *
The giant frog misses you. The giant frog barely misses you.
The giant frog barely misses you. The giant frog closely misses you.
The giant frog misses you.
The giant frog hits you but does no damage.
The giant frog hits you.
* * * LOW HITPOINT WARNING * * *
The giant frog barely misses you. The giant frog closely misses you.
The giant frog hits you.
* * * LOW HITPOINT WARNING * * *
The giant frog hits you.
You die...

.#.........##......#
.+....†....##......#
.#..........#......# ....
.#.......<..#......# ....
.#..........#......#.....
.###################.....
.........................
.........................
.^.............F@........
.........................
.........................#
............##'#####.....#
∆
............'......#.....#
............#......#.....+
............#......#.....#
########'####......'.....#
...........##......#.....#


You could see a giant frog.

Vanquished Creatures
  Sigmund (D:3)
  A water moccasin (D:5)
  2 black bears
  An ice beast (D:7)
  A phantom (D:7)
  2 ogres
  The ghost of tscho the Insei, an amateur MfTm of Nemelex Xobeh (D:3)
  3 centaurs
  A big kobold (D:7)
  A scorpion (D:6)
  5 wights (D:7)
  A howler monkey (D:5)
  A crimson imp (D:5)
  2 hounds
  6 orc priests
  6 orc wizards
  3 giant frog skeletons
  Terence (D:3)
  3 iguanas
  2 worker ants (D:5)
  7 adders
  4 gnolls (D:6)
  A howler monkey skeleton (D:4)
  2 shadow imps (D:5)
  2 oozes
  An adder skeleton (D:7)
  6 worms
  3 dart slugs
  2 giant geckos
  20 orcs
  A ball python (D:3)
  4 bats
  6 giant cockroaches
  9 goblins
  3 hobgoblins
  5 jackals (D:2)
  9 kobolds
  4 quokkas
  2 giant newts (D:1)
  A quokka skeleton (D:6)
  12 rats
148 creatures vanquished.

Notes
Turn   | Place    | Note
--------------------------------------------------------------
     0 | D:1      | Lul the Demonspawn Gladiator began the quest for the Orb.
     0 | D:1      | Reached XP level 1. HP: 16/16 MP: 1/1
   445 | D:1      | Gained mutation: Your flesh is cold resistant. [demonic ancestry]
   445 | D:1      | Reached XP level 2. HP: 22/22 MP: 2/2
  1270 | D:2      | Reached XP level 3. HP: 27/27 MP: 3/3
  1557 | D:2      | Found a snail-covered altar of Cheibriados.
  1751 | D:2      | Reached skill level 1 in Armour
  1980 | D:2      | Gained mutation: You have a pair of small antennae on your head. [demonic ancestry]
  1980 | D:2      | Reached XP level 4. HP: 33/34 MP: 4/4
  2128 | D:2      | Found a deep blue altar of Sif Muna.
  2294 | D:3      | Noticed Terence
  2310 | D:3      | Killed Terence
  2420 | D:3      | Noticed tscho's ghost (amateur MfTm)
  2450 | D:3      | Killed tscho's ghost
  2450 | D:3      | Reached XP level 5. HP: 14/40 MP: 5/5
  2727 | D:3      | Noticed Sigmund
  2766 | D:3      | Killed Sigmund
  2766 | D:3      | Gained mutation: When hurt, damage is shared between your health and your magic reserves. [demonic ancestry]
  2766 | D:3      | Reached XP level 6. HP: 17/47 MP: 6/6
  2949 | D:3      | Found an oddly glowing altar of Pakellas.
  3122 | D:3      | Found a white marble altar of Elyvilon.
  3122 | D:3      | Found a shattered altar of Ashenzari.
  3127 | D:3      | Became a worshipper of Ashenzari the Shackled
  3712 | D:4      | Gained mutation: You are partially covered in molten scales (AC +1). [demonic ancestry]
  3712 | D:4      | Reached XP level 7. HP: 42/53 MP: 5/7
  3720 | D:4      | Reached skill level 1 in Stealth
  4001 | D:5      | Entered Level 5 of the Dungeon
  4258 | D:5      | Got the whip of Articulation {freeze, -Tele rC+ Int+3}
  4259 | D:5      | Identified the +10 whip of Articulation {freeze, -Tele rC+ Int+3} (You found it on level 5 of the Dungeon)
  4392 | D:5      | Found a staircase to the Ecumenical Temple.
  4500 | D:5      | Found a shadowy altar of Dithmenos.
  4943 | D:5      | Gained mutation: You regenerate magic rapidly. [demonic ancestry]
  4943 | D:5      | Reached XP level 8. HP: 49/61 MP: 6/8
  4944 | D:5      | Found an iron altar of Okawaru.
  4955 | D:5      | Reached skill level 5 in Dodging
  5103 | D:6      | Reached skill level 5 in Long Blades
  5211 | D:6      | Reached skill level 5 in Fighting
  5372 | D:6      | Found a blossoming altar of Fedhas.
  5404 | D:6      | Found a sparkling altar of Nemelex Xobeh.
  5416 | D:6      | Found a radiant altar of Vehumet.
  6027 | D:7      | Gained mutation: Your body sometimes deteriorates upon taking damage. [helix card]
  6073 | D:7      | Reached * piety under Ashenzari
  6210 | D:7      | Noticed a moth of wrath
  6213 | D:7      | Found a bloodstained altar of Trog.
  6374 | D:7      | Gained mutation: You are immune to freezing clouds. [demonic ancestry]
  6374 | D:7      | Reached XP level 9. HP: 64/69 MP: 7/9
  6417 | D:7      | Reached skill level 5 in Armour
  6966 | D:7      | HP: 2/69 [giant frog (3)]
  6967 | D:7      | Slain by a giant frog

Skill      XL: |  1  2  3  4  5  6  7  8  9 |
---------------+----------------------------+-----
Dodging        | 3 4 6 |  6.4
Long Blades    | 3 4 5 |  5.9
Throwing       | 2 |  2.6
Armour         | 1 2 3 4 5 |  5.3
Fighting       | 3 4 5 6 |  6.0
Stealth        | 1 |  1.6
Evocations     | |  0.8

Action                   |  1- 3 |  4- 6 |  7- 9 || total
-------------------------+-------+-------+-------++-------
Melee: Long sword        |   161 |   230 |   379 ||   770
Throw: Throwing net      |     2 |     7 |       ||     9
       Tomahawk          |       |     3 |     8 ||    11
Invok: Curse Item        |       |       |     3 ||     3
Evoke: Rod               |       |     1 |       ||     1
       Deck              |       |       |     4 ||     4
       Wand              |       |       |     2 ||     2
  Use: Scroll            |       |     9 |     6 ||    15
       Potion            |       |     2 |     3 ||     5
 Stab: Held in net/web   |     2 |     3 |       ||     5
  Eat: Chunk             |     3 |     6 |     7 ||    16
       Fruit             |       |     1 |       ||     1
       Royal jelly       |       |       |     1 ||     1
Armor: Chain mail        |   107 |   138 |     1 ||   246
       Leather armour    |     4 |       |       ||     4
       Ring mail         |       |       |   202 ||   202
       Skin              |       |       |    37 ||    37
Dodge: Dodged            |    70 |    96 |   437 ||   603
